 Dungeon Crawl Stone Soup version 0.17-a0-1946-gfb768fe (webtiles) character file.

892 HungrySpirit the Changer (level 7, -1/62 HPs)
             Began as a Purple Draconian Transmuter on Oct 1, 2015.
             Slain by an orc
             ... wielding a +0 mace
              (7 damage)
             ... on level 4 of the Dungeon.
             The game lasted 00:12:44 (7302 turns).

HungrySpirit the Changer (DrTm)                     Turns: 7302, Time: 00:12:44

Health: -1/62      AC:  6    Str: 15    XL:     7   Next: 78%
Magic:  0/14       EV: 10    Int: 16    God:
Gold:   191        SH:  0    Dex: 11    Spells: 4 memorised, 3 levels left

rFire  x . .     SeeInvis .       - Unarmed
rCold  + + +     Clarity  .     (armour unavailable)
rNeg   . . .     SustAt   .     (shield currently unavailable)
rPois  +         Gourm    .     (helmet currently unavailable)
rElec  .         Spirit   .     (cloak currently unavailable)
rCorr  .         Warding  .     (gloves currently unavailable)
rMut   .         Stasis   .     (boots currently unavailable)
MR     +....                    (no amulet)
Stlth  +.........               n - +3 ring of strength
                                j - ring of protection from cold

@: ice-form, very slightly contaminated, somewhat resistant to hostile
enchantments, very unstealthy
A: (breathe power), unfitting armour, (cold-blooded), AC +6
a: End Transformation


You were on level 4 of the Dungeon.
You were hungry.
You were a creature of crystalline ice.
You visited 1 branch of the dungeon, and saw 5 of its levels.

You collected 191 gold pieces.

Inventory:

Missiles
 a - 5 arrows
Armour
 t - a +0 buckler
Jewellery
 j - a ring of protection from cold (left front paw)
 n - a +3 ring of strength (right front paw)
Magical devices
 k - a wand of frost (13)
 m - a wand of disintegration (7)
Scrolls
 d - a scroll of teleportation {unknown}
 e - 2 scrolls of magic mapping {unknown}
 h - a scroll of random uselessness {unknown}
 o - a scroll of identify {unknown}
 p - a scroll of noise {unknown}
 u - a scroll of remove curse {unknown}
Potions
 f - a potion of degeneration {unknown}
 g - a potion of haste {unknown}
 i - 2 potions of invisibility {unknown}
 l - 2 potions of curing
 r - a potion of resistance {unknown}
 v - a potion of poison {unknown}
Books
 b - a book of Changes

   Spells                             Type                      Level
   a - Beastly Appendage              Transmutation                1
   b - Sticks to Snakes               Transmutation                2
   c - Spider Form                    Transmutation/Poison         3
   d - Ice Form                       Ice/Transmutation            4
   e - Blade Hands                    Transmutation                5
Comestibles
 c - 3 bread rations
 s - 2 meat rations


   Skills:
 - Level 1.1 Fighting
 - Level 1.7 Dodging
 + Level 5.3 Unarmed Combat
 + Level 4.9 Spellcasting
 * Level 6.1 Transmutations
 + Level 2.8 Ice Magic


You had 3 spell levels left.
You knew the following spells:

 Your Spells              Type           Power        Failure   Level  Hunger
a - Beastly Appendage     Trmt           ###...       1%          1    None
b - Sticks to Snakes      Trmt           ###.......   1%          2    ##.....
c - Ice Form              Ice/Trmt       ###.....     28%         4    ####...
d - Blade Hands           Trmt           ###.......   38%         5    ######.


Dungeon Overview and Level Annotations

Branches:
Dungeon (5/15)
 Temple: D:4-7

Altars:


Innate Abilities, Weirdness & Mutations

((You can breathe bolts of dispelling energy.))
((Your rich purple scales are hard (AC +6).))
Your body does not fit into most forms of armour.
((You are cold-blooded and may be slowed by cold attacks.))


Message History

You miscast Ice Form.
Wisps of condensation drift from your hands.
You are feeling hungry.
The orc hits you but does no damage. The orc barely misses your ball python.
The orc hits you with a whip.
Your ball python bites the orc.
Your ball python grabs the orc.
Your ball python constricts the orc.
The gnoll barely misses you.
Unknown command.
Unknown command.
Casting: Ice Form
Confirm with . or Enter, or press ? or * to list all spells.
You turn into a creature of crystalline ice.
The orc hits you with a hand axe.
* * * LOW HITPOINT WARNING * * *
The orc barely misses your ball python.
Your ball python bites the orc.
Your ball python constricts the orc.
The orc barely misses you. The gnoll hits you with a spear!
* * * LOW HITPOINT WARNING * * *
The orc hits you with a mace!
You die...

#..###########.§....⌠⌠####
##...........##≈.....⌠## #
#........#.....⌠≈....⌠#
##.........####≈.....⌠#
#..........###......⌠## #
##............#......⌠⌠####
#.........o...........⌠⌠⌠⌠⌠
#.........g................
#........oYo......≈≈.......
#.........So....#§.≈.......
#.........o.....##.....§§..
#..............####.....§.§
##.............# ##....≈⌠≈.
#............## #.........
#............# ##.........
####.......### #..........
######### ##..........


You could see an orc priest, a gnoll, 4 orcs and a friendly ball python.

Vanquished Creatures
  Eustachio (D:4)
  A phantom (D:5)
  2 scorpions
  A jelly (D:5)
  A crimson imp (D:5)
  An orc priest (D:3)
  Natasha (thrice) (D:4)
  3 worker ants
  An adder (D:2)
  11 gnolls
  2 river rats (D:5)
  An adder zombie (D:5)
  2 adder skeletons
  A worm (D:2)
  8 orcs
  5 giant cockroaches
  3 goblins
  13 hobgoblins
  7 jackals
  18 kobolds
  4 quokkas
  2 ball pythons
  4 bats
  3 giant geckos
  3 giant newts
  8 rats
109 creatures vanquished.

Vanquished Creatures (collateral kills)
  Menkaure (D:4)
  A giant frog (D:2)
  A worker ant (D:4)
  A worm (D:5)
  A giant gecko (D:5)
  A bat (D:4)
  A giant cockroach (D:5)
  A giant newt (D:4)
  A jackal skeleton (D:4)
9 creatures vanquished.

Grand Total: 118 creatures vanquished

Notes
Turn   | Place    | Note
--------------------------------------------------------------
     0 | D:1      | HungrySpirit the Draconian Transmuter began the quest for the Orb.
     0 | D:1      | Reached XP level 1. HP: 16/16 MP: 3/3
   271 | D:1      | Reached XP level 2. HP: 15/23 MP: 5/5
  1284 | D:2      | Reached XP level 3. HP: 3/28 MP: 6/6
  1639 | D:2      | Learned a level 2 spell: Sticks to Snakes
  2439 | D:3      | Noticed a giant frog
  2465 | D:2      | Killed a giant frog
  2465 | D:2      | Reached skill level 4 in Unarmed Combat
  2465 | D:2      | Reached XP level 4. HP: 25/35 MP: 3/8
  2816 | D:3      | Reached XP level 5. HP: 26/40 MP: 7/9
  3222 | D:3      | Learned a level 4 spell: Ice Form
  3509 | D:4      | Noticed Eustachio
  3541 | D:4      | Killed Eustachio
  3541 | D:4      | Reached skill level 1 in Ice Magic
  3541 | D:4      | Reached XP level 6. HP: 22/47 MP: 10/10
  3721 | D:4      | Noticed Menkaure
  3743 | D:4      | Killed Menkaure
  4068 | D:4      | Reached skill level 5 in Transmutations
  4368 | D:4      | Noticed Natasha
  4382 | D:4      | Killed Natasha
  4382 | D:4      | Your scales start taking on a rich purple colour.
  4382 | D:4      | Reached XP level 7. HP: 34/52 MP: 10/13
  4695 | D:4      | Noticed Natasha
  4704 | D:4      | Killed Natasha
  4810 | D:4      | Noticed Natasha
  4816 | D:4      | Killed Natasha
  5063 | D:5      | Entered Level 5 of the Dungeon
  5812 | D:5      | Reached skill level 5 in Unarmed Combat
  6767 | D:5      | Learned a level 5 spell: Blade Hands
  6858 | D:5      | Reached skill level 6 in Transmutations
  7302 | D:4      | Slain by an orc

Vault maps used:
D:1:      dpeg_arrival_water_temple_mockup, minivault_14,
          minmay_misc_feat_four_crosses
D:3:      minivault_25
D:4:      kennysheep_decorative_pillar, uniq_menkaure, uniq_natasha,
          uniq_eustachio
D:5:      gup_sewer_entry_bubbles, first_bread,
          hangedman_abyss_or_decor_jellyfish_corner, kennysheep_generic_room_13

Action                   |  1- 3 |  4- 6 |  7- 9 || total
-------------------------+-------+-------+-------++-------
Melee: Unarmed           |   177 |   148 |   248 ||   573
 Cast: Beastly Appendage |    19 |     8 |    20 ||    47
       Sticks to Snakes  |     2 |     6 |    12 ||    20
       Ice Form          |       |       |     1 ||     1
 Abil: Breathe Dispellin |       |       |     1 ||     1
  Use: Potion            |     1 |     1 |       ||     2
 Stab: Sleeping          |     1 |       |       ||     1
  Eat: Chunk             |     5 |     5 |     6 ||    16
       Pizza             |       |     1 |       ||     1
       Bread ration      |       |       |     1 ||     1
